 Dungeon Crawl Stone Soup version 0.21.0 (webtiles) character file.

8 tidbits the Sneak (level 2, -6/11 HPs)
             Began as a Felid Earth Elementalist on Jan 6, 2018.
             Shot with an arrow by a centaur (17 damage)
             ... on level 2 of the Dungeon.
             The game lasted 00:02:12 (234 turns).

tidbits the Sneak (Felid Earth Elementalist)         Turns: 234, Time: 00:02:12

Health: -6/11      AC:  1    Str:  4    XL:     2   Next: 0%
Magic:  2/6        EV: 18    Int: 16    God:
Gold:   57         SH:  0    Dex: 16    Spells: 4/5 levels left
                                        Lives:  0   Deaths: 0

rFire    . . .     SeeInvis +     - Unarmed
rCold    . . .     Gourm    .   (shield unavailable)
rNeg     . . .     Faith    .   (armour unavailable)
rPois    .         Spirit   .   (helmet unavailable)
rElec    .         Reflect  .   (cloak unavailable)
rCorr    .         Harm     .   (gloves unavailable)
MR       .....                  (boots unavailable)
Stlth    ++........             (no amulet)
HPRegen  0.03/turn              (no ring)
MPRegen  0.10/turn              (no ring)

@: flying, quick
A: very small, no armour, no weapons or thrown items, stealth, claws 1, fangs 3,
see invisible, carnivore, speed 1, shaggy fur 1, slow metabolism 1, sharp paws
a: no special abilities


You were on level 2 of the Dungeon.
You were not hungry.

You visited 1 branch of the dungeon, and saw 2 of its levels.

You collected 57 gold pieces.

Inventory:

Missiles
 b - 19 stones
Scrolls
 e - a scroll of immolation
Potions
 a - a potion of flight
Books
 d - a book of Geomancy

   Spells                             Type                      Level
   a - Sandblast                      Earth                        1
   b - Passwall                       Transmutation/Earth          2
   c - Stone Arrow                    Conjuration/Earth            3
   d - Petrify                        Transmutation/Earth          4
   e - Lee's Rapid Deconstruction     Earth                        5
Comestibles
 c - 2 rations


   Skills:
 - Level 2.6 Dodging
 + Level 3.3 Stealth
 + Level 1.0 Unarmed Combat
 - Level 2.0 Spellcasting
   Level 1.1 Transmutations
 - Level 2.6 Earth Magic


You had 4 spell levels left.
You knew the following spells:

 Your Spells              Type           Power        Failure   Level  Hunger
a - Sandblast             Erth           ##....       7%          1    #......


Dungeon Overview and Level Annotations

Branches:
Dungeon (2/15)

Altars:

Annotations:
D:2 exclusion: goblin


Innate Abilities, Weirdness & Mutations

You cannot wear armour.
You are incapable of wielding weapons or throwing items.
Your paws allow you to move quietly. (Stealth)
You have sharp claws.
You have razor-sharp teeth.
You have supernaturally acute eyesight. (SInv)
You are carnivorous and can eat meat at any time.
You cover ground quickly.
You are covered in fur. (AC +1)
You have a slow metabolism.
Your sharp claws are effective at attacking unaware monsters.


Message History

Placed new exclusion.
There is a stone staircase leading up here.
You climb upwards.
There is a stone staircase leading down here.
c - 2 rations (gained 1)
There is a stone staircase leading down here.
Found 13 gold pieces and a club.
Found an escape hatch in the floor.
Found a stone staircase leading down.
A hobgoblin comes into view.
You see here 13 gold pieces.
You see here 13 gold pieces.
You now have 57 gold pieces (gained 13).
The hobgoblin shouts!
You hear a shout!
Casting: Sandblast
Confirm with . or Enter, or press ? or * to list all spells.
Aiming: Sandblast
Press: ? - help, Shift-Dir - straight line, f - hobgoblin
Aim: a hobgoblin The blast of sand hits the hobgoblin.
The hobgoblin is severely wounded.
b - 22 stones
Casting: Sandblast
Confirm with . or Enter, or press ? or * to list all spells.
Aiming: Sandblast
Press: ? - help, Shift-Dir - straight line, f/p - hobgoblin
Aim: a hobgoblin (severely wounded)
You miscast Sandblast.
You are very lightly contaminated with residual magic.
The floor shifts beneath you alarmingly!
The hobgoblin misses you.
Casting: Sandblast
Confirm with . or Enter, or press ? or * to list all spells.
Aiming: Sandblast
Press: ? - help, Shift-Dir - straight line, f/p - hobgoblin
Aim: a hobgoblin (severely wounded)
The blast of sand hits the hobgoblin.
You kill the hobgoblin!
Your Unarmed Combat skill increases to level 1!
b - 21 stones You see here a hobgoblin corpse.
A rat comes into view.
A goblin comes into view. It is wielding a club.
A giant cockroach comes into view.
Casting: Sandblast
Confirm with . or Enter, or press ? or * to list all spells.
Aiming: Sandblast
Press: ? - help, Shift-Dir - straight line, f - giant cockroach
Aim: a giant cockroach (clinging, hasn't noticed you)
The blast of sand hits the giant cockroach.
The giant cockroach is almost dead.
b - 20 stones The goblin shouts!
You hear a shout!
Casting: Sandblast
Confirm with . or Enter, or press ? or * to list all spells.
Aiming: Sandblast
Press: ? - help, Shift-Dir - straight line, f/p - giant cockroach
Aim: a giant cockroach (severely wounded, clinging)
The blast of sand hits the giant cockroach.
You kill the giant cockroach!
You have reached level 2!
b - 19 stones A rat comes into view.
You see here a hobgoblin corpse.
Casting: Sandblast
Confirm with . or Enter, or press ? or * to list all spells.
You don't have enough magic to cast that spell.
Okay, then.
Casting: Sandblast
Confirm with . or Enter, or press ? or * to list all spells.
Aiming: Sandblast
Press: ? - help, Shift-Dir - straight line, f - rat
Aim: a rat You miscast Sandblast.
You are showered with tiny particles of grit.
There is a stone staircase leading down here.
The rat misses you.
You climb downwards.
Level annotation: exclusion: goblin
There is a stone staircase leading up here.
Found a ring mail.
Found a scroll labeled MELOR SONANWU.
e - 2 scrolls labeled MELOR SONANWU (gained 1)
A centaur comes into view.
The centaur shouts!
The centaur wields a shortbow.
The centaur shoots an arrow.
The arrow completely misses you.
You see here an arrow.
Your magical contamination has completely faded away.
It was a potion of flight.
You feel very buoyant.
You fly up into the air.
As you read the scroll labeled MELOR SONANWU, it crumbles to dust.
The air around you briefly surges with heat, but it dissipates.
It was a scroll of immolation.
As you read the scroll labeled PYN KUTOCKEKUE, it crumbles to dust.
It is a scroll of identify.
You don't have any unidentified items.
The centaur shoots an arrow.
The arrow hits you!
Ouch! That really hurt!
You die...

#.#..###.#
###.....#..#
+...[....# #
###....#.#.#
#........#
###.######
#.# #.# #@#
.#########.#
....c..(.c.#
..##########


You could see a centaur.

Vanquished Creatures
  A giant cockroach (D:1)
  A goblin (D:1)
  2 hobgoblins (D:1)
  2 bats (D:1)
  2 rats (D:1)
8 creatures vanquished.

Notes
Turn   | Place    | Note
-------+----------+-------------------------------------------
     0 | D:1      | tidbits the Felid Earth Elementalist began the quest for the Orb.
     0 | D:1      | Reached XP level 1. HP: 7/7 MP: 4/4
    78 | D:1      | Reached skill level 3 in Stealth
   182 | D:1      | Reached skill level 1 in Unarmed Combat
   194 | D:1      | Reached XP level 2. HP: 11/11 MP: 0/6
   226 | D:2      | Noticed a centaur
   234 | D:2      | Shot with an arrow by a centaur

Skill      XL: |  1 |
---------------+----+-----
Stealth        | 3 |  3.3
Unarmed Combat | 1 |  1.0
Dodging        | |  2.6
Spellcasting   | |  2.0
Transmutations | |  1.1
Earth Magic    | |  2.6

Action                   || total
-------------------------++-------
Melee: Unarmed           ||     1
 Cast: Sandblast         ||    11
  Use: Scroll            ||     2
       Potion            ||     1
 Stab: Sleeping          ||     1
Dodge: Dodged            ||     3

Table legend:
 A = Turns spent in this place as a percentage of turns spent in the entire game.
 B = Non-inter-level travel turns spent in this place as a percentage of non-inter-level travel turns spent in the entire game.
 C = Inter-level travel turns spent in this place as a percentage of turns spent in this place.
 D = Turns resting spent in this place as a percentage of non-inter-level travel turns spent in this place.
 E = Turns spent auto-exploring this place as a percentage of non-inter-level travel turns spent in this place.
 F = Non-inter-level travel turns spent in this place divided by the number of levels of this place that you've seen.
                   A       B       C       D       E      F
               +-------+-------+-------+-------+-------+----------------------
         Total | 100.0 | 100.0 |   0.0 |   0.0 |   0.0 | 117.0
       Dungeon | 100.0 | 100.0 |   0.0 |   0.0 |   0.0 | 117.0
               +-------+-------+-------+-------+-------+----------------------

Table legend:
 A = Kills in this place as a percentage of kills in entire the game.
 B = Kills by you in this place as a percentage of kills by you in the entire game.
 C = Kills by friends in this place as a percentage of kills by friends in the entire game.
 D = Other kills in this place as a percentage of other kills in the entire game.
 E = Experience gained in this place as a percentage of experience gained in the entire game.
 F = Experience gained in this place divided by the number of levels of this place that you have seen.
                   A       B       C       D       E      F
               +-------+-------+-------+-------+-------+----------------------
         Total | 100.0 | 100.0 |   N/A |   N/A | 100.0 |   6.0
       Dungeon | 100.0 | 100.0 |   N/A |   N/A | 100.0 |   6.0
               +-------+-------+-------+-------+-------+----------------------

Vault maps used:
D:1:      lightli_arrival_statuegarden, minmay_ruptured
D:2:      uniq_crazy_yiuf_cottage, uniq_robin
